 Dungeon Crawl Stone Soup version 0.21.1-1-g345015fe64 (webtiles) character file.

35492 Jerry the Grappler (level 13, -1/131 HPs)
             Began as a Troll Berserker on Feb 15, 2018.
             Was a Believer of Jiyva.
             Slain by a two-headed ogre
             ... wielding a cursed +0 giant club
             ... created by the rage of Trog
              (26 damage)
             ... on level 10 of the Dungeon.
             The game lasted 00:57:15 (15646 turns).

Jerry the Grappler (Troll Berserker)               Turns: 15646, Time: 00:57:15

Health: -1/131     AC:  8    Str: 28    XL:     13   Next: 47%
Magic:  4/4        EV: 13    Int:  7    God:    Jiyva [**....]
Gold:   686        SH:  0    Dex:  9    Spells: 12/12 levels left

rFire    . . .     SeeInvis .   E - +5 glaive (antimagic)
rCold    + . .     Gourm    +   (shield currently unavailable)
rNeg     . . .     Faith    .   m - +2 robe {rC+}
rPois    +         Spirit   .   (helmet restricted)
rElec    .         Reflect  .   M - +0 cloak (curse)
rCorr    .         Harm     .   (gloves unavailable)
MR       .....                  (boots unavailable)
Stlth    +++.......             (no amulet)
HPRegen  0.71/turn              L - +3 ring of slaying
MPRegen  0.09/turn              S - ring of poison resistance

@: no status effects
A: large, unfitting armour, claws 3, fast metabolism 3, gourmand, regeneration
1, shaggy fur 1, tough skin 2
a: Request Jelly, Renounce Religion


You were on level 10 of the Dungeon.
You worshipped Jiyva.
Jiyva was pleased with you.
You were near starving.

You visited 4 branches of the dungeon, and saw 22 of its levels.
You also visited: Ossuary.

You collected 977 gold pieces.
You spent 291 gold pieces at shops.

Inventory:

Hand Weapons
 E - a +5 antimagic glaive (weapon)
 R - the +12 longbow of Perfectionism {venom, Int+4 Dex+3}
   (Trog gifted it to you on level 5 of the Lair of Beasts)

   It poisons the ammo it fires.
   It affects your intelligence (+4).
   It affects your dexterity (+3).
Armour
 m - a +2 robe of cold resistance (worn)
 M - a cursed +0 cloak (worn)
Magical Staves
 T - an uncursed staff of wizardry
Jewellery
 y - an uncursed ring of wizardry
 F - a +4 ring of evasion
 L - a +3 ring of slaying (left claw)
 S - a ring of poison resistance (right claw)
 X - an uncursed ring of protection from fire
Wands
 c - a wand of scattershot (8)
 r - a wand of polymorph (17)
 z - a wand of iceblast (17)
 B - a wand of digging (11)
 C - a wand of enslavement (24)
 N - a wand of paralysis (10)
 U - a wand of clouds (6)
Scrolls
 a - 5 scrolls of enchant armour
 f - 3 scrolls of enchant weapon
 i - 12 scrolls of remove curse
 j - 11 scrolls of fog
 k - 4 scrolls of blinking
 l - 6 scrolls of teleportation
 s - a scroll of summoning {unknown}
 D - 5 scrolls of magic mapping
 H - 5 scrolls of amnesia
 V - 2 scrolls of identify
Potions
 d - 2 potions of heal wounds
 e - 3 potions of flight
 h - 4 potions of curing
 n - 4 potions of haste
 o - 5 potions of agility
 p - 6 potions of brilliance
 q - 4 potions of degeneration {unknown}
 t - a potion of magic {unknown}
 u - 2 potions of invisibility {unknown}
 x - a potion of might
 A - 2 potions of mutation {unknown}
 I - a potion of ambrosia {unknown}
 J - a potion of cancellation {unknown}
 P - 4 potions of lignification {unknown}
 W - a potion of resistance
Books
 K - a Fen Folio

   Spells                             Type                      Level
   a - Corpse Rot                     Necromancy                   2
   b - Stone Arrow                    Conjuration/Earth            3
   c - Leda's Liquefaction            Hexes/Earth                  4
   d - Summon Forest                  Summoning/Translocation      5
   e - Hydra Form                     Transmutation                6
   f - Summon Hydra                   Summoning                    7
 Q - a book of Maledictions

   Spells                             Type                      Level
   a - Corona                         Hexes                        1
   b - Ensorcelled Hibernation        Hexes/Ice                    2
   c - Confuse                        Hexes                        3
   d - Tukima's Dance                 Hexes                        3
   e - Dazzling Spray                 Conjuration/Hexes            3
Miscellaneous
 g - a fan of gales
Comestibles
 b - 29 rations


   Skills:
 + Level 9.3 Fighting
 + Level 9.3 Dodging
 + Level 6.7 Stealth
 * Level 14.6 Unarmed Combat


You had 12 spell levels left.
You didn't know any spells.

Dungeon Overview and Level Annotations

Branches:
Dungeon (10/15)            Temple (1/1) D:6            Lair (6/6) D:9
 Shoals (0/4) Lair:2       Spider (0/4) Lair:3        Slime (5/5) Lair:5
    Orc: D:9-12

Altars:
Ashenzari
Cheibriados
Dithmenos
Elyvilon
Fedhas
Gozag
Hepliaklqana
Kikubaaqudgha
Makhleb
Nemelex Xobeh
Okawaru
Qazlal
Ru
Sif Muna
Trog
Uskayaw
Vehumet
Wu Jian
Xom
Yredelemnul
Zin
The Shining One
Jiyva

Shops:
D:6 *

Annotations:
Slime:5 Royal Jelly


Innate Abilities, Weirdness & Mutations

You are too large for most types of armour.
You have claws for hands.
Your metabolism is lightning-fast.
You like to eat raw meat.
Your natural rate of healing is unusually fast.
You are covered in fur. (AC +1)
You have very tough skin. (AC +2)


Message History

The three-headed hydra bites you but does no damage.
You chop one of the three-headed hydra's heads off!
The two-headed hydra grows two more!
You slash the four-headed hydra!
The four-headed hydra is moderately wounded.
The polar bear bites you!
The polar bear claws you but does no damage.
The polar bear closely misses you.
The two-headed ogre hits you with a giant club!!
The two-headed ogre hits you with a giant club.
The four-headed hydra bites you!
The four-headed hydra closely misses you.
The four-headed hydra bites you. The four-headed hydra misses you.
The polar bear bites you! The polar bear claws you.
The polar bear barely misses you. The polar bear bites you!!
* * * LOW HITPOINT WARNING * * *
The polar bear claws you but does no damage.
The polar bear claws you.
* * * LOW HITPOINT WARNING * * *
The two-headed ogre hits you with a giant club!!
You die...

.#......####.#.....P≈.#.#####.###
.#......#..#.#..P..≈≈P#.'...'...#
.#......#..>.#.....P≈≈#.#...#...#
##......#..###......≈P#.#####..##
..<.....#..# #.≈.≈.≈PP#...#######
........##'## ##%# ##...'......
............# #..# #....#......
............# #D## #....#......
............####@#####....#....##
...............OhhT.......#....#.
######+###+#....Oh........#....#.
...........#..............#....#.
...........#..............#'####.
...........#.....................
########...#.....................
############.....................
...#.......#####....##'###.......


You could see a four-headed hydra, 2 two-headed ogres, 2 polar bears, a troll
(berserk) and a black bear (berserk).

Vanquished Creatures
  Snorg (Lair:4)
  A hydra (Lair:4)
  Erica (Lair:1)
  A merfolk avatar (Lair:6)
  2 two-headed ogres (D:10)
  The ghost of grerr the Reanimator, a novice DsNe of Vehumet (D:8)
  A lindwurm (Lair:4)
  2 manticores
  2 elephants
  10 spiny frogs
  2 gargoyles (D:10)
  6 black mambas
  6 rime drakes
  11 komodo dragons
  The ghost of Noxor the Magician, a novice DEFE (D:6)
  7 polar bears
  2 wind drakes (Lair:6)
  6 dream sheep
  4 hippogriffs
  6 blink frogs
  4 redbacks (Lair:3)
  The ghost of topfpfpflanze the Cudgeler, an amateur OgGl (D:4)
  13 yaks
  5 wyverns
  3 basilisks
  A hungry ghost (D:8)
  2 steam dragons (D:10)
  Menkaure (D:7)
  Edmund (D:4)
  9 water moccasins
  6 porcupines
  A soldier ant (D:10)
  3 orc warriors
  11 black bears
  An ice beast (D:10)
  A phantom (D:8)
  2 sky beasts
  2 hornet zombies (D:9)
  7 ogres
  13 wolves
  10 crocodiles
  7 centaurs
  2 big kobolds (D:6)
  An elf zombie (Ossuary)
  10 bullfrogs
  Blork the orc (D:3)
  A wyvern skeleton (D:10)
  7 scorpions
  An oklob sapling (D:6)
  2 crimson imps (D:5)
  A howler monkey (D:7)
  A bullfrog zombie (D:10)
  A centaur zombie (Ossuary)
  4 hounds
  A jelly (D:8)
  15 orc wizards
  3 centaur skeletons
  A gnoll shaman (D:4)
  4 orc priests
  2 bullfrog skeletons
  2 iguanas
  Jessica (D:3)
  Terence (D:3)
  Natasha (thrice) (D:3)
  7 worker ants
  A killer bee zombie (D:10)
  A hound skeleton (D:7)
  3 mummies
  10 adders
  4 gnolls (D:4)
  4 shadow imps
  4 oozes
  3 adder zombies (Ossuary)
  2 adder skeletons
  6 worms
  3 dart slugs
  4 leopard geckos
  39 orcs
  10 bats
  5 giant cockroaches
  6 goblins
  9 hobgoblins
  8 jackals
  2 quokkas (D:2)
  2 ball pythons
  6 frilled lizards
  A goblin skeleton (D:5)
  5 goblin zombies
  15 hobgoblin zombies
  19 kobolds
  A kobold skeleton (D:5)
  5 kobold zombies (Ossuary)
  A leopard gecko skeleton (D:4)
  10 orc zombies (Ossuary)
  6 rats
  2 rat zombies (Ossuary)
  A fungus (D:8)
  A plant (D:6)
448 creatures vanquished.

Vanquished Creatures (collateral kills)
  Harold (Lair:1)
  2 hydras
  4 oklob plants (Lair:5)
  2 spiny frogs
  A polar bear (Lair:6)
  A water moccasin (Lair:3)
  3 wolves (Lair:3)
14 creatures vanquished.

Vanquished Creatures (others)
  An acid blob (Slime:5)
  A death ooze (Slime:5)
  2 shining eyes
  16 slime creatures
  A dream sheep (D:10)
  A yak (D:10)
  A golden eye (Slime:3)
  4 jellies (D:10)
  2 black bears (D:10)
  An eye of draining (Slime:5)
  3 big kobolds (D:10)
  4 fungi
  8 plants
45 creatures vanquished.

Grand Total: 507 creatures vanquished

Notes
Turn   | Place    | Note
-------+----------+-------------------------------------------
     0 | D:1      | Jerry the Troll Berserker began the quest for the Orb.
     0 | D:1      | Reached XP level 1. HP: 22/22 MP: 0/0
    47 | D:1      | Reached XP level 2. HP: 29/29 MP: 1/1
   288 | D:1      | Reached ** piety under Trog
   487 | D:2      | Found a faded altar of an unknown god.
   506 | D:2      | Reached XP level 3. HP: 36/36 MP: 2/2
   593 | D:2      | Found a sparkling altar of Nemelex Xobeh.
   641 | D:2      | Found an iron altar of Okawaru.
  1198 | D:3      | Reached skill level 4 in Unarmed Combat
  1198 | D:3      | Reached XP level 4. HP: 44/44 MP: 3/3
  1210 | D:3      | Reached skill level 1 in Stealth
  1286 | D:3      | Noticed Natasha
  1307 | D:3      | Reached *** piety under Trog
  1311 | D:3      | Reached XP level 5. HP: 53/53 MP: 4/4
  1314 | D:3      | Killed Natasha
  1329 | D:3      | Noticed Natasha
  1351 | D:3      | Killed Natasha
  1429 | D:3      | Noticed Terence
  1437 | D:3      | Killed Terence
  1627 | D:3      | Found a deep blue altar of Sif Muna.
  1646 | D:3      | Noticed Natasha
  1650 | D:3      | Killed Natasha
  1650 | D:3      | Reached skill level 5 in Unarmed Combat
  1650 | D:3      | Reached XP level 6. HP: 53/61 MP: 5/5
  1727 | D:3      | Noticed Jessica
  1730 | D:3      | Killed Jessica
  2037 | D:4      | Noticed topfpfpflanze's ghost (amateur OgGl)
  2037 | D:4      | Noticed Blork the orc
  2049 | D:3      | Killed Blork the orc
  2112 | D:4      | Found a stormy altar of Qazlal.
  2136 | D:4      | Killed topfpfpflanze's ghost
  2136 | D:4      | Reached **** piety under Trog
  2136 | D:4      | Reached XP level 7. HP: 68/68 MP: 6/6
  2172 | D:4      | Found a sand-covered staircase.
  2177 | Ossuary  | Entered an ossuary
  2340 | Ossuary  | Reached skill level 6 in Unarmed Combat
  2354 | Ossuary  | Reached ***** piety under Trog
  2672 | D:4      | Reached XP level 8. HP: 49/78 MP: 7/7
  2703 | D:4      | Noticed Edmund
  2720 | D:4      | Killed Edmund
  2721 | D:4      | Reached skill level 7 in Unarmed Combat
  3088 | D:5      | Entered Level 5 of the Dungeon
  3112 | D:5      | Found a hazy altar of Hepliaklqana.
  3162 | D:5      | Received a gift from Trog
  3481 | D:5      | Found a glowing golden altar of the Shining One.
  3659 | D:5      | Found an opulent altar of Gozag.
  4006 | D:5      | Found a blossoming altar of Fedhas.
  4143 | D:6      | Found Gifoch's Assorted Antiques.
  4149 | D:6      | Bought a scroll labeled SARYUT PAQER for 27 gold pieces
  4149 | D:6      | Bought a lumpy golden potion for 24 gold pieces
  4149 | D:6      | Bought a silver ring for 135 gold pieces
  4149 | D:6      | Bought a scroll labeled YSIW USTOFA for 27 gold pieces
  4149 | D:6      | Bought a scroll labeled UGICLA WUDD for 27 gold pieces
  4161 | D:6      | Reached skill level 8 in Unarmed Combat
  4298 | D:6      | Reached skill level 5 in Fighting
  4298 | D:6      | Reached skill level 5 in Dodging
  4298 | D:6      | Reached XP level 9. HP: 88/88 MP: 8/8
  4493 | D:6      | Noticed Noxor's ghost (novice DEFE)
  4500 | D:6      | Killed Noxor's ghost
  4618 | D:6      | Found a staircase to the Ecumenical Temple.
  4661 | Temple   | Entered the Ecumenical Temple
  4922 | D:6      | Bought a scroll labeled MEMITUM RAIKH for 27 gold pieces
  4922 | D:6      | Bought a viscous emerald potion for 24 gold pieces
  5021 | D:6      | Reached skill level 9 in Unarmed Combat
  5028 | D:7      | Noticed Menkaure
  5036 | D:7      | Killed Menkaure
  5111 | D:7      | Found a bloodstained altar of Trog.
  5692 | D:8      | Found a sacrificial altar of Ru.
  5722 | D:8      | Noticed grerr's ghost (novice DsNe)
  5739 | D:8      | Killed grerr's ghost
  5739 | D:8      | Reached XP level 10. HP: 98/98 MP: 9/9
  5814 | D:8      | Reached skill level 10 in Unarmed Combat
  6027 | D:8      | Found the +7 Singing Sword
  6246 | D:8      | Found a shattered altar of Ashenzari.
  6467 | D:9      | Reached ****** piety under Trog
  6495 | D:9      | Received a gift from Trog
  6590 | D:9      | Found a staircase to the Lair.
  7148 | Lair:1   | Entered Level 1 of the Lair of Beasts
  7181 | Lair:1   | Noticed a black mamba
  7192 | Lair:1   | Killed a black mamba
  7207 | Lair:1   | Reached skill level 11 in Unarmed Combat
  7223 | Lair:1   | Noticed Erica
  7230 | Lair:1   | Killed Erica
  7230 | Lair:1   | Reached XP level 11. HP: 94/107 MP: 10/10
  7448 | Lair:1   | Noticed Harold
  7475 | Lair:1   | Killed Harold
  7647 | Lair:1   | Reached skill level 5 in Stealth
  8641 | Lair:2   | Found a staircase to the Shoals.
  8652 | Lair:2   | Reached skill level 12 in Unarmed Combat
  8992 | Lair:3   | Noticed a five-headed hydra
  8995 | Lair:3   | Killed a five-headed hydra
  9282 | Lair:3   | Found a hole to the Spider Nest.
  9558 | Lair:3   | Reached XP level 12. HP: 119/119 MP: 11/11
 10164 | Lair:4   | HP: 5/119 [poisoned by a black mamba]
 10383 | Lair:4   | Noticed Snorg
 10403 | Lair:4   | Killed Snorg
 10417 | Lair:4   | Noticed a six-headed hydra
 10604 | Lair:4   | Reached skill level 13 in Unarmed Combat
 10748 | Lair:4   | Noticed a four-headed hydra
 10752 | Lair:4   | Killed a four-headed hydra
 10823 | Lair:4   | Killed a nine-headed hydra
 11557 | Lair:5   | Found a staircase to the Slime Pits.
 11557 | Lair:5   | Found a viscous altar of Jiyva.
 12541 | Lair:6   | Entered Level 6 of the Lair of Beasts
 12737 | Lair:5   | Received a gift from Trog
 12740 | Lair:5   | Got an ancient longbow {god gift}
 12841 | Lair:5   | Identified the +12 longbow of Perfectionism {venom, Int+4 Dex+3} (Trog gifted it to you on level 5 of the Lair of Beasts)
 12999 | Lair:6   | Reached XP level 13. HP: 120/130 MP: 12/12
 13007 | Lair:6   | Reached skill level 14 in Unarmed Combat
 13746 | Lair:6   | Found the +0 Maxwell's etheric cage {RegenMP+ *Contam rElec MP+4}
 13767 | Lair:6   | HP: 3/131 [drowned by a drowned soul[a merfolk avatar] (16)]
 13778 | Lair:6   | Got a jewelled morningstar
 14042 | Lair:5   | Fell from the grace of Trog
 14042 | Lair:5   | Became a worshipper of Jiyva Jullasec the Shapeless
 14071 | Lair:5   | Identified the +6 morningstar of Veadghamp {vamp, -Tele rPois Str+9 Dex-2} (You found it on level 6 of the Lair of Beasts)
 14073 | Lair:5   | Reached * piety under Jiyva
 14077 | Slime:1  | Entered Level 1 of the Pits of Slime
 14170 | Slime:2  | Noticed an acid blob
 14170 | Slime:2  | Noticed an azure jelly
 14247 | Slime:4  | Noticed an acid blob
 14250 | Slime:5  | Entered Level 5 of the Pits of Slime
 14251 | Slime:5  | Noticed an acid blob
 14262 | Slime:5  | Noticed an acid blob
 14268 | Slime:5  | Noticed an azure jelly
 14270 | Slime:5  | Found a viscous altar of Jiyva.
 14271 | Slime:5  | Noticed the Royal Jelly
 14272 | Slime:5  | Noticed an acid blob
 14277 | Slime:5  | Noticed an acid blob
 14277 | Slime:5  | Killed an acid blob
 14279 | Slime:5  | Noticed an acid blob
 14286 | Slime:5  | Noticed an acid blob
 14400 | Slime:5  | Killed a death ooze
 14436 | Slime:5  | Noticed an acid blob
 14524 | Slime:1  | Noticed an acid blob
 14647 | D:10     | Entered Level 10 of the Dungeon
 15042 | D:10     | Found a stormy altar of Qazlal.
 15297 | D:10     | Reached ** piety under Jiyva
 15646 | D:10     | Slain by a two-headed ogre

Skill      XL: |  1  2  3  4  5  6  7  8  9 10 11 12 13 |
---------------+----------------------------------------+-----
Unarmed Combat | 4 5 6 8 9 11 12 13 14 | 14.6
Dodging        | 3 4 5 6 7 8 9 |  9.3
Stealth        | 1 2 3 4 5 6 |  6.7
Fighting       | 3 4 5 6 7 8 9 |  9.3

Action                   |  1- 3 |  4- 6 |  7- 9 | 10-12 | 13-15 || total
-------------------------+-------+-------+-------+-------+-------++-------
Melee: Unarmed           |    99 |   131 |   436 |   464 |   196 ||  1326
       Punch             |     2 |     2 |    12 |    26 |    14 ||    56
       Glaive            |       |       |       |     2 |     3 ||     5
 Fire: Hunting sling     |       |       |     4 |       |       ||     4
Invok: Berserk           |       |     3 |     3 |     5 |       ||    11
       Trog's Hand       |       |       |     5 |     9 |     1 ||    15
       Brothers in Arms  |       |       |       |     5 |     1 ||     6
Evoke: Wand              |       |       |       |     1 |     2 ||     3
  Use: Scroll            |       |       |    12 |     7 |     2 ||    21
       Potion            |       |       |     1 |     1 |     3 ||     5
 Stab: Sleeping          |       |     1 |     2 |    15 |     2 ||    20
       Distracted        |       |       |     2 |       |     1 ||     3
  Eat: Chunk             |    16 |    11 |    36 |    83 |    14 ||   160
Armor: Animal skin       |    35 |    15 |       |       |       ||    50
       Robe              |       |     6 |   136 |   100 |    68 ||   310
Dodge: Dodged            |    49 |    57 |   197 |   238 |   159 ||   700
